 Dungeon Crawl Stone Soup version 0.31.0-11-ge490571c62 (webtiles) character file.

Game seed: 257951181485408805

5894 Ruich the Cleaver (level 10, -7/64 HPs)
             Began as a Tengu Berserker on Feb 4, 2024.
             Was an Elder of Trog.
             Mangled by a two-headed ogre
             ... wielding a +0 giant club
              (10 damage)
             ... on level 9 of the Dungeon.
             The game lasted 00:19:37 (8887 turns).

Ruich the Cleaver (Tengu Berserker)                 Turns: 8887, Time: 00:19:38

Health: -7/64      AC:  9    Str: 23    XL:     10   Next: 82%
Magic:  11/11      EV: 15    Int:  7    God:    Trog [****..]
Gold:   422        SH:  0    Dex: 13    Spells: 9/9 levels left

rFire   . . .        y - +1 broad axe
rCold   . . .        (no shield)
rNeg    . . .        r - +0 chain mail
rPois   +            (helmet restricted)
rElec   .            (no cloak)
rCorr   .            (no gloves)
SInv    .            (boots unavailable)
Will    +....        (no amulet) Stlth
                     P - ring of poison resistance
HPRegen 0.30/turn    W - ring of willpower
MPRegen 0.12/turn

%: acrobat
@: on berserk cooldown, flying
A: beak, talons 3, evasive flight, acrobatic
a: Renounce Religion, Berserk, Trog's Hand, Brothers in Arms


You were on level 9 of the Dungeon.
You worshipped Trog.
Trog was greatly pleased with you.
You visited 1 branch of the dungeon, and saw 9 of its levels.

You collected 518 gold pieces.
You spent 96 gold pieces at shops.


Innate Abilities, Weirdness & Mutations

You have a beak for a mouth.
You have claws for feet.
Your magical flight helps you evade attacks. (EV +4)
You can magically evade attacks while moving or waiting.


   Skills:
 + Level 8.3 Fighting
 * Level 12.3 Axes
 - Level 4.7 Armour
 + Level 6.7 Dodging
 - Level 5.3 Stealth


You had 9 spell levels left.
You didn't know any spells.
Your spell library was empty.

Inventory:

Hand Weapons
 b - a +0 sling
 y - a +1 broad axe (weapon)
Missiles
 e - 68 stones (quivered)
 f - 5 javelins
 t - 6 boomerangs
Armour
 r - a +0 chain mail (worn)
 A - a +0 cloak
Jewellery
 v - a ring of see invisible
 B - an amulet of regeneration
 D - a +6 ring of dexterity
 I - a +6 ring of intelligence
 P - a ring of poison resistance (left hand)
 R - a ring of resist corrosion
 W - a ring of willpower (right hand)
Wands
 c - a wand of quicksilver (8)
 l - a wand of flame (12)
 q - a wand of charming (1)
 w - a wand of polymorph (7)
 x - a wand of roots (11)
Scrolls
 a - 2 scrolls of identify {@r1}
 d - 3 scrolls of revelation {unknown}
 g - 4 scrolls of teleportation {@r2}
 i - 2 scrolls of enchant weapon
 k - 2 scrolls of blinking {unknown}
 n - a scroll of brand weapon {unknown}
 u - 3 scrolls of fog
Potions
 h - a potion of cancellation
 j - 4 potions of curing {@q1}
 m - a potion of berserk rage {unknown}
 p - a potion of enlightenment
 s - a potion of lignification {unknown}
 z - 2 potions of mutation {unknown}

Dungeon Overview and Level Annotations

Branches:
Dungeon (9/15)             Temple (0/1) D:7            Lair (0/5) D:8
    Orc (0/2) D:9

Altars:
Nemelex Xobeh
Wu Jian
The Shining One

Shops:
D:5 (??   D:7 *   D:8 *

Annotations:
D:6 2 transporters, SuperJoe's ghost, amateur SpBr

..#........#.....####
..#........#........#
..#........#........#
..##########........#
... #.######## ...
#.#8...8# #.#))...#
#))))>..# #.#)O@..#
#.#8...8# #.#######
... ... .... ...


You could see a two-headed ogre.


Message History

The two-headed ogre closely misses you.
The two-headed ogre hits you with a +0 giant spiked club!
* * * LOW HITPOINT WARNING * * *
Unknown command.
Use which ability? (? or * to list)
Okay, then.
Unknown command.
Unknown command.
The two-headed ogre attacks as it pursues you!
The two-headed ogre misses you.
The two-headed ogre completely misses you.
You feel much better.
You feel yourself speed up.
The two-headed ogre hits you with a +0 giant club!
* * * LOW HITPOINT WARNING * * *
The two-headed ogre closely misses you.
Unknown command.
You feel much better.
Unknown command.
You barely miss the two-headed ogre.
The two-headed ogre is heavily wounded.
The two-headed ogre hits you with a +0 giant club.
The two-headed ogre hits you with a +0 giant spiked club!
Unknown command.
You barely miss the two-headed ogre. You claw the two-headed ogre.
The two-headed ogre is heavily wounded.
The two-headed ogre hits you with a +0 giant club!!
* * * LOW HITPOINT WARNING * * *
The two-headed ogre hits you with a +0 giant spiked club!
You die...

Skill      XL: |  1  2  3  4  5  6  7  8  9 10 |
---------------+-------------------------------+-----
Axes           | 4 5 6 8 10 12 | 12.3
Armour         | 3 4 |  4.7
Dodging        | 3 4 5 6 |  6.7
Fighting       | 4 5 7 8 |  8.3
Stealth        | 3 5 |  5.3

Action                     |  1- 3 |  4- 6 |  7- 9 | 10-12 || total
---------------------------+-------+-------+-------+-------++-------
  Melee: Hand axe          |    79 |    98 |    94 |       ||   271
         Kick              |    19 |    35 |    75 |    31 ||   160
         Peck              |     7 |    11 |    39 |    14 ||    71
         Punch             |     2 |     1 |     1 |     1 ||     5
         Broad axe         |       |       |   142 |    99 ||   241
   Fire: Sling             |       |       |    24 |       ||    24
  Throw: Stone             |       |       |     1 |       ||     1
 Invoke: Berserk           |     1 |     1 |     3 |     2 ||     7
         Trog's Hand       |     1 |     1 |     3 |     2 ||     7
    Use: Potion            |       |       |     2 |     2 ||     4
         Scroll            |       |       |    11 |       ||    11
 Armour: Scale mail        |    29 |       |       |       ||    29
         Chain mail        |     7 |    49 |   126 |    80 ||   262
  Dodge: Dodged            |    57 |    44 |   169 |   105 ||   375

Levels and vault maps discovered:
D:1:      dpeg_arrival_long_road, layout_loops_ring
D:2:      layout_loops_ring, hellmonk_ecumenical_altar_arch_garden,
          chequers_big_river, kennysheep_cluttered_room
D:3:      layout_basic, nzn_wu_jian_council_hall, nemelex_spade_bored_becter
D:4:      layout_basic
D:5:      layout_loops_ring, serial_shops, nicolae_shop_behind_doors, shop,
          nicolae_wooded_promenade, uniq_grinder, uniq_ijyb
D:6:      layout_gridville, gammafunk_ghost_arena, portal_sewer_entry_e,
          minmay_microvault
D:7:      layout_cave_pools, minmay_temple_entry_antechambers,
          nicolae_shop_gadgets
D:8:      layout_loops_ring, tso_altar, lair_entry_dummy, serial_shops,
          nicolae_inconvenience_store, serial_glass, glass_columns_a,
          glass_columns_b, minmay_misc_feat_columns, uniq_grum
D:9:      layout_irregular_city, lemuel_zombie_altar_kikubaaqudgha,
          kennysheep_orc_monster_closet_entryway, serial_shops,
          nicolae_shop_industrial_runoff, serial_library_hellmonk_narrow_alcove,
          uniq_maurice, uniq_prince_ribbit1, uniq_erica

Notes
Turn   | Place    | Note
-------+----------+-------------------------------------------
     0 | D:1      | Ruich the Tengu Berserker began the quest for the Orb.
     0 | D:1      | Reached XP level 1. HP: 14/14 MP: 2/2
   197 | D:1      | Reached XP level 2. HP: 19/19 MP: 3/3
   500 | D:1      | Reached XP level 3. HP: 20/23 MP: 4/4
   693 | D:2      | Found a faded altar of an unknown god.
   869 | D:2      | Reached ** piety under Trog
  1033 | D:2      | Reached skill level 4 in Axes
  1277 | D:3      | Reached XP level 4. HP: 28/28 MP: 5/5
  1531 | D:3      | Found a sparkling altar of Nemelex Xobeh.
  1797 | D:3      | Reached skill level 3 in Armour
  1797 | D:3      | Reached skill level 3 in Dodging
  1899 | D:3      | Reached XP level 5. HP: 32/32 MP: 6/6
  2216 | D:3      | Found an ornate altar of the Wu Jian Council.
  2362 | D:4      | Noticed an ogre
  2371 | D:4      | Killed an ogre
  2372 | D:4      | Reached skill level 4 in Fighting
  2372 | D:4      | Reached skill level 5 in Axes
  2372 | D:4      | Reached XP level 6. HP: 38/38 MP: 7/7
  2739 | D:4      | Reached skill level 4 in Armour
  2739 | D:4      | Reached skill level 4 in Dodging
  2739 | D:4      | Gained mutation: Your magical flight helps you evade
                  | attacks. (EV +4) [Tengu growth]
  2739 | D:4      | Reached XP level 7. HP: 21/44 MP: 8/8
  3075 | D:4      | Reached skill level 6 in Axes
  3419 | D:5      | Entered Level 5 of the Dungeon
  3432 | D:5      | HP: 2/44 [burnt (5)]
  3533 | D:5      | HP: 1/61 [wight/+3 mace (6)]
  3808 | D:5      | Reached *** piety under Trog
  3809 | D:5      | Reached XP level 8. HP: 47/48 MP: 9/9
  4000 | D:5      | Reached skill level 7 in Axes
  4155 | D:5      | Reached skill level 5 in Fighting
  4155 | D:5      | Reached skill level 1 in Stealth
  4203 | D:5      | Found Yziypt's Magic Scroll Emporium.
  4400 | D:5      | Found Jighoesk's Magic Scroll Emporium.
  4417 | D:5      | Noticed Ijyb
  4418 | D:5      | Found Wodos's Antique Weapon Shop.
  4570 | D:5      | Killed Ijyb
  4657 | D:5      | Bought a broad axe for 96 gold pieces
  4812 | D:5      | Noticed Grinder
  4827 | D:5      | Killed Grinder
  4828 | D:5      | Reached skill level 2 in Stealth
  5013 | D:6      | Noticed a cyclops
  5125 | D:6      | Killed a cyclops
  5126 | D:6      | Reached skill level 8 in Axes
  5126 | D:6      | Reached skill level 3 in Stealth
  5126 | D:6      | Reached XP level 9. HP: 51/55 MP: 10/10
  5208 | D:6      | Reached skill level 6 in Fighting
  5403 | D:6      | Reached skill level 9 in Axes
  5567 | D:6      | Noticed SuperJoe's ghost (amateur SpBr)
  5573 | D:6      | Found a transporter.
  5632 | D:6      | Reached skill level 4 in Stealth
  5647 | D:6      | Found a transporter.
  6778 | D:7      | Found a staircase to the Ecumenical Temple.
  6926 | D:7      | Reached skill level 10 in Axes
  7045 | D:7      | Reached skill level 5 in Stealth
  7091 | D:7      | Found Rull's Gadget Gallery.
  7452 | D:8      | Reached skill level 7 in Fighting
  7608 | D:8      | Reached skill level 5 in Dodging
  7608 | D:8      | Reached XP level 10. HP: 62/63 MP: 11/11
  7610 | D:8      | Found a staircase to the Lair.
  7638 | D:8      | Reached skill level 11 in Axes
  7771 | D:8      | Noticed Grum
  7787 | D:8      | Killed Grum
  8084 | D:8      | Found Yggyuroh's General Store.
  8498 | D:8      | Found a glowing golden altar of the Shining One.
  8537 | D:9      | Noticed Erica
  8554 | D:9      | Killed Erica
  8555 | D:9      | Reached skill level 8 in Fighting
  8555 | D:9      | Reached skill level 6 in Dodging
  8831 | D:9      | Found a staircase to the Orcish Mines.
  8839 | D:9      | Reached skill level 12 in Axes
  8850 | D:9      | Reached **** piety under Trog
  8878 | D:9      | Noticed a two-headed ogre
  8887 | D:9      | HP: 3/64 [two-headed ogre/+0 giant club (31)]
  8887 | D:9      | Mangled by a two-headed ogre

Vanquished Creatures
  Erica (D:9)
  A cyclops (D:6)
  A troll (D:9)
  Grinder (D:5)
  A wyvern (D:8)
  Grum (D:8)
  2 water moccasins (D:8)
  2 ice beasts (D:6)
  A sky beast (D:7)
  A black bear (D:6)
  4 orc warriors
  6 ogres
  2 wolves (D:8)
  4 centaurs
  A phantom (D:6)
  3 kobold brigands
  A bullfrog (D:7)
  2 scorpions
  11 wights
  4 howler monkeys
  2 jellies
  9 bombardier beetles
  A gnoll bouda (D:5)
  3 orc priests
  4 iguanas
  A sleepcap (D:8)
  Ijyb (D:5)
  4 orc wizards
  13 gnolls
  A river rat (D:6)
  6 adders
  A shadow imp (D:6)
  2 white imps
  2 ufetubi (D:7)
  A dart slug (D:1)
  4 ribbon worms
  50 orcs
  7 bats
  4 endoplasms
  2 giant cockroaches
  7 goblins
  5 hobgoblins
  7 quokkas
  5 ball pythons
  3 frilled lizards
  9 kobolds
  9 rats
213 creatures vanquished.

Table legend: (Time is in decaauts)
 A = Elapsed time spent in this place.
 B = Non-inter-level travel time spent in this place.
 C = Inter-level travel time spent in this place.
 D = Time resting spent in this place.
 E = Time spent auto-exploring this place.
 F = Levels seen in this place.
 G = Mean time per level.
                   A        B        C        D        E       F      G
               +--------+--------+--------+--------+--------+-----+--------+
         Total |   8997 |   8714 |    283 |   2366 |   4673 |   9 |  999.7 |
       Dungeon |   8997 |   8714 |    283 |   2366 |   4673 |   9 |  999.7 |
               +--------+--------+--------+--------+--------+-----+--------+

Top non-repeatable levels by time:
     D:6: 1599 daAuts
     D:5: 1484 daAuts
     D:3: 1296 daAuts
     D:8: 1228 daAuts
     D:4: 1089 daAuts
     D:7: 752 daAuts
     D:1: 646 daAuts
     D:2: 635 daAuts
     D:9: 265 daAuts

Table legend:
 A = Non-vault XP
 B = Vault XP
 C = Vault XP percentage of total XP
 D = Non-vault monster count
 E = Vault monster count
 F = Vault count percentage of total count
                 A         B        C        D         E       F
            +---------+---------+-------+---------+---------+-------
      Total |    5034 |    3387 |  40.2 |     180 |      33 |  15.5
            +---------+---------+-------+---------+---------+-------
        D:1 |      35 |       0 |   0.0 |      20 |       0 |   0.0
        D:2 |      22 |       0 |   0.0 |      12 |       0 |   0.0
        D:3 |     143 |       0 |   0.0 |      24 |       0 |   0.0
        D:4 |     528 |       0 |   0.0 |      33 |       0 |   0.0
        D:5 |     741 |     325 |  30.5 |      18 |       2 |  10.0
        D:6 |     710 |     596 |  45.6 |      11 |       9 |  45.0
        D:7 |     946 |       0 |   0.0 |      24 |       0 |   0.0
        D:8 |    1452 |     419 |  22.4 |      26 |       3 |  10.3
        D:9 |     457 |    2047 |  81.7 |      12 |      19 |  61.3
            +---------+---------+-------+---------+---------+-------
